 Dungeon Crawl Stone Soup version 0.31-a0-79-g9ec6622867 (webtiles) character file.

Game seed: 13021400915267130458

9977 GordonOverkill the Grappler (level 11, 0/98 HPs)
             Began as a Troll Warper on May 24, 2023.
             Was a Priest of Hepliaklqana.
             Slain by Snorg (17 damage)
             ... on level 11 of the Dungeon.
             The game lasted 00:21:53 (7644 turns).

GordonOverkill the Grappler (Troll Warper)          Turns: 7644, Time: 00:21:54

Health: 0/98       AC: 11    Str: 25    XL:     11   Next: 30%
Magic:  14/14      EV:  8    Int:  9    God:    Hepliaklqana [***...]
Gold:   716        SH:  6    Dex:  9    Spells: 12/12 levels left

rFire   + .          .
                       - Unarmed
rCold   + . .        M - +0 kite shield
rNeg    . . .        j - +0 acid dragon scales
rPois   +            (helmet restricted)
rElec   .            F - +2 cloak
rCorr   +            (gloves unavailable)
SInv    .            (boots unavailable)
Will    .....        q - amulet of Nobility {-Cast rF+ rC+ Regen+}
Stlth   +            v - ring of poison resistance
HPRegen 1.96/turn    C - ring of resist corrosion
MPRegen 0.14/turn

%: no spellcasting
@: no status effects
A: reduced essence, large, unfitting armour, claws 3, regeneration 1, shaggy fur
1, tough skin 1
a: Renounce Religion, Recall Ancestor, Ancestor Identity, Transference


You were on level 11 of the Dungeon.
You worshipped Hepliaklqana.
Hepliaklqana was most pleased with you.
You visited 2 branches of the dungeon, and saw 12 of its levels.
You also visited: Ossuary.

You collected 716 gold pieces.

Inventory:

Missiles
 g - 10 boomerangs (quivered)
 n - 5 boomerangs of dispersal
 u - 2 throwing nets
 G - a curare-tipped dart
Armour
 h - the +1 robe "Ubaasij" {rPois Will+++ MP+9 Int-5}
   (You found it on level 6 of the Dungeon)

   Int:       It affects your intelligence (-5).
   rPois:     It protects you from poison.
   MP:        It affects your magic capacity (+9).
   Will:      It greatly increases your willpower.
 j - +0 acid dragon scales (worn)
 F - a +2 cloak (worn)
 L - a +0 troll leather armour
 M - a +0 kite shield (worn)
Jewellery
 q - the amulet of Nobility (around neck) {-Cast rF+ rC+ Regen+}
   (You acquired it on level 4 of the Dungeon)

   [amulet of regeneration]

   rF:        It protects you from fire.
   rC:        It protects you from cold.
   -Cast:     It prevents spellcasting.
   Regen:     It increases your rate of health regeneration.
 r - the amulet of Maqum {Acrobat Str+3 Dex+3}
   (You acquired it on level 4 of the Dungeon)

   [amulet of the acrobat]

   It increases your evasion while moving and waiting.
   Str:       It affects your strength (+3).
   Dex:       It affects your dexterity (+3).
 v - a ring of poison resistance (left claw)
 C - a ring of resist corrosion (right claw)
 I - the amulet "Laec" {+Inv rElec rN++ Regen+ Int-3}
   (You found it on level 10 of the Dungeon)

   [amulet of regeneration]

   Int:       It affects your intelligence (-3).
   rElec:     It insulates you from electricity.
   rN:        It greatly protects you from negative energy.
   +Inv:      It lets you turn invisible.
   Regen:     It increases your rate of health regeneration.
Wands
 s - a wand of digging (7)
 D - a wand of flame (39)
 E - a wand of polymorph (6)
Scrolls
 b - a scroll of blinking
 c - a scroll of enchant armour
 d - a scroll of magic mapping
 i - 3 scrolls of fog
 o - a scroll of immolation {unknown}
 t - a scroll of amnesia
 w - 2 scrolls of enchant weapon
 x - a scroll of silence {unknown}
 y - a scroll of brand weapon
 z - 2 scrolls of teleportation
 H - 3 scrolls of poison
Potions
 a - 5 potions of haste
 f - a potion of magic
 k - 3 potions of might
 l - a potion of berserk rage
 m - 6 potions of curing
 p - 2 potions of brilliance
 A - 2 potions of mutation
 B - a potion of resistance
 J - a potion of lignification {unknown}
Miscellaneous
 e - a phantom mirror
 K - a phial of floods


   Skills:
 + Level 7.2 Fighting
 - Level 1.0 Throwing
 + Level 2.1 Armour
 - Level 1.9 Dodging
 + Level 0.0 Shields
 + Level 13.4 Unarmed Combat
 - Level 1.2 Spellcasting
 - Level 2.1 Translocations
 - Level 6.0 Invocations
 - Level 3.0 Evocations


You had 12 spell levels left.
You didn't know any spells.
Your spell library contained the following spells:

 Spells                   Type           Power      Damage    Failure   Level
 Blink                    Tloc           8%         N/A       54%         2
 Lesser Beckoning         Tloc           8%         N/A       54%         2
 Teleport Other           Tloc           4%         N/A       77%         3
 Portal Projectile        Hex/Tloc       4%         N/A       91%         3
 Vhi's Electric Charge    Tloc/Air       4%         N/A       91%         3
 Call Canine Familiar     Summ           0%         N/A       97%         3
 Manifold Assault         Tloc           4%         N/A       99%         4
 Cause Fear               Hex            0%         N/A       100%        4
 Leda's Liquefaction      Hex/Erth       0%         N/A       100%        4
 Dragon Form              Tmut           0%         N/A       100%        7
 Storm Form               Tmut/Air       0%         N/A       100%        7
 Dragon's Call            Summ           0%         N/A       100%        9


Dungeon Overview and Level Annotations

Branches:
Dungeon (11/15)            Temple (1/1) D:5         Ossuary (visited)
   Lair: D:8-11         Orc: D:9-12

Altars:
Cheibriados
Dithmenos
Elyvilon
Gozag
Hepliaklqana
Kikubaaqudgha
Makhleb
Okawaru
Qazlal
Ru
Sif Muna
Trog
Uskayaw
Vehumet
Wu Jian
Zin
The Shining One

Annotations:
D:11 Snorg


Innate Abilities, Weirdness & Mutations

Your life essence is reduced to manifest your ancestor. (-10% HP)
You are too large for most types of armour.
You have claws for hands.
Your natural rate of healing is unusually fast.
You are covered in fur. (AC +1)
You have tough skin. (AC +1)


Message History

Owly hits Snorg with a +0 quarterstaff!
You claw Snorg!
Snorg is moderately wounded.
Snorg barely misses you. x2; Snorg misses you.
Owly points at Snorg and mumbles some strange words.
The puff of frost hits Snorg!
You claw Snorg!
Snorg is heavily wounded.
Snorg goes berserk!
Owly barely misses Snorg.
You barely miss Snorg.
Snorg is heavily wounded.
Snorg closely misses you. Snorg claws you. x2
Owly hits Snorg with a +0 quarterstaff!
You closely miss Snorg.
Snorg is severely wounded.
You block Snorg's attack. Snorg claws you! Snorg claws you. Snorg bites you!
Snorg claws you but does no damage. You block Snorg's attack.
Owly hits Snorg with a +0 quarterstaff!
You are too injured to fight recklessly!
You are too injured to fight recklessly!
You are too injured to fight recklessly!
You completely miss Snorg.
Snorg is severely wounded.
Snorg bites you.
* * * LOW HITPOINT WARNING * * *
Snorg claws you!
* * * LOW HITPOINT WARNING * * *
Snorg claws you!!
* * * LOW HITPOINT WARNING * * *
Owly hits Snorg with a +0 quarterstaff!!
You claw Snorg!
Snorg is almost dead.
You block Snorg's attack. Snorg claws you but does no damage. Snorg claws you.
* * * LOW HITPOINT WARNING * * *
Snorg closely misses you. x2; Snorg claws you!
* * * LOW HITPOINT WARNING * * *
You barely miss Snorg.
Snorg is almost dead.
Owly closely misses Snorg.
Snorg bites you but does no damage. Snorg claws you!
You die...

.. ...# .. ... ...#... ...
...#.. ..### ....### ....
. #... ....... ....# ..
#... ..?....# # [..##
...#...#.T.....#.#. ....#
###....T###....#.#..#...#
...^...R@..#........#.#.#
...........#.....#..#.#.#
...........#....#.......#
.....###.....######...<.##
#...#...#.......#.......#
...#...#.......#.......##
...#...#.......#.........
.###.....###.............#
............#.......#.#..#


You could see the friendly Owly the battlemage and Snorg (berserk, ally target).

Vanquished Creatures
  4 two-headed ogres
  Nergalle (D:10)
  A troll (D:11)
  2 shadows
  A wyvern (D:9)
  5 yaks (D:6)
  2 water moccasins
  An orc warrior (D:9)
  An ice beast (D:8)
  7 ogres
  A phantom (D:5)
  4 centaurs
  2 elf zombies (Ossuary)
  3 bullfrogs
  3 kobold brigands
  A scorpion (D:6)
  3 wights (D:8)
  20 killer bees (D:10)
  A howler monkey (D:11)
  2 electric eels (D:7)
  A gnoll bouda (D:8)
  5 hounds
  A human zombie (Ossuary)
  2 orc priests
  A sleepcap (D:4)
  Jessica (D:2)
  4 iguanas
  4 orc wizards
  Terence (D:2)
  A hound zombie (Ossuary)
  3 mummies (Ossuary)
  5 adders
  4 gnolls
  A shadow imp (D:7)
  2 ufetubi (D:3)
  A worm (D:2)
  2 dart slugs (D:1)
  14 orcs
  6 bats
  3 endoplasms
  A giant cockroach (D:2)
  5 goblins
  4 hobgoblins
  10 jackals
  12 kobolds
  7 quokkas
  7 ball pythons
  3 frilled lizards
  A goblin zombie (Ossuary)
  A hobgoblin zombie (Ossuary)
  4 kobold zombies (Ossuary)
  An orc zombie (Ossuary)
  3 rats
186 creatures vanquished.

Vanquished Creatures (collateral kills)
  Maurice (D:10)
  A yak (D:6)
  An acid dragon (D:10)
  A water moccasin (D:8)
  A sky beast (D:8)
  An ice beast (D:8)
  A centaur (D:8)
  A wight (D:8)
  18 killer bees (D:10)
  A jelly (D:7)
  A mummy (Ossuary)
  A white imp (D:8)
  5 orcs
  5 kobolds
  A goblin zombie (Ossuary)
40 creatures vanquished.

Vanquished Creatures (others)
  4 battlemagi
  2 ancestors (D:6)
6 creatures vanquished.

Grand Total: 232 creatures vanquished

Notes
Turn   | Place    | Note
-------+----------+-------------------------------------------
     0 | D:1      | GordonOverkill the Troll Warper began the quest for the
                  | Orb.
     0 | D:1      | Reached XP level 1. HP: 19/19 MP: 1/1
    54 | D:1      | Reached XP level 2. HP: 28/28 MP: 2/2
   325 | D:1      | Reached XP level 3. HP: 36/36 MP: 3/3
   698 | D:2      | Reached skill level 3 in Unarmed Combat
   755 | D:2      | Noticed Terence
   772 | D:2      | Killed Terence
   859 | D:2      | Noticed Jessica
   870 | D:2      | Killed Jessica
   871 | D:2      | Reached XP level 4. HP: 28/44 MP: 4/4
  1491 | D:3      | Reached XP level 5. HP: 49/53 MP: 5/5
  1522 | D:3      | Found a snail-covered altar of Cheibriados.
  1546 | D:3      | Reached skill level 4 in Unarmed Combat
  1746 | D:4      | Identified 2 scrolls of acquirement
  1746 | D:4      | Acquired the amulet of Maqum {Acrobat Str+3 Dex+3}
  1753 | D:4      | Acquired the amulet of Nobility {-Cast rF+ rC+ Regen+}
  2196 | D:5      | Entered Level 5 of the Dungeon
  2196 | D:5      | Found a staircase to the Ecumenical Temple.
  2235 | Temple   | Entered the Ecumenical Temple
  2250 | Temple   | Became a worshipper of Hepliaklqana the Forgotten
  2480 | D:5      | Noticed a phantom
  2487 | D:5      | Killed a phantom
  2488 | D:5      | Reached skill level 1 in Invocations
  2488 | D:5      | Reached XP level 6. HP: 62/62 MP: 6/6
  2969 | D:5      | Reached skill level 5 in Unarmed Combat
  2969 | D:5      | Reached XP level 7. HP: 70/70 MP: 7/7
  3000 | D:5      | Found a sacrificial altar of Ru.
  3301 | D:6      | Reached skill level 6 in Unarmed Combat
  3326 | D:6      | Identified the +1 robe "Ubaasij" {rPois Will+++ MP+9 Int-5}
  3460 | D:6      | Reached skill level 5 in Fighting
  3475 | D:6      | Reached skill level 7 in Unarmed Combat
  3475 | D:6      | Reached XP level 8. HP: 44/80 MP: 9/9
  3543 | D:6      | Reached * piety under Hepliaklqana
  3578 | D:6      | Reached skill level 8 in Unarmed Combat
  3724 | D:6      | Found an ornate altar of the Wu Jian Council.
  3725 | D:6      | Found a bloodstained altar of Trog.
  3806 | D:6      | Reached skill level 9 in Unarmed Combat
  3817 | D:6      | Reached skill level 10 in Unarmed Combat
  3817 | D:6      | Reached XP level 9. HP: 58/79 MP: 10/10
  4096 | D:7      | Found a transporter.
  4214 | D:7      | Found a transporter.
  4420 | D:7      | Found a shimmering blue altar of Sif Muna.
  4600 | D:7      | Found a shadowy altar of Dithmenos.
  4811 | D:8      | Reached skill level 11 in Unarmed Combat
  4851 | D:8      | Reached ** piety under Hepliaklqana
  4852 | D:8      | Remembered your ancestor Owly as a battlemage
  4861 | D:8      | Found a sand-covered staircase.
  4865 | Ossuary  | Entered an ossuary
  5130 | D:8      | Reached skill level 12 in Unarmed Combat
  5185 | D:8      | Noticed a two-headed ogre
  5190 | D:8      | Killed a two-headed ogre
  5191 | D:8      | Reached XP level 10. HP: 70/86 MP: 11/11
  6426 | D:10     | Entered Level 10 of the Dungeon
  6443 | D:10     | Reached *** piety under Hepliaklqana
  6555 | D:10     | Reached skill level 1 in Evocations
  6558 | D:10     | Reached skill level 5 in Invocations
  6717 | D:10     | Noticed a two-headed ogre
  6726 | D:10     | Killed a two-headed ogre
  6727 | D:10     | Reached skill level 13 in Unarmed Combat
  6912 | D:10     | Identified the +7 orcbow of Bequeathed Guilt {heavy, Fly
                  | rElec Stlth-}
  6959 | D:10     | Found a hide-covered altar of Uskayaw.
  6960 | D:10     | Found a white marble altar of Elyvilon.
  7091 | D:10     | Identified the amulet "Laec" {+Inv rElec rN++ Regen+ Int-3}
  7094 | D:10     | Noticed Nergalle
  7107 | D:10     | Killed Nergalle
  7108 | D:10     | Reached skill level 1 in Throwing
  7108 | D:10     | Reached XP level 11. HP: 93/96 MP: 14/14
  7134 | D:10     | Noticed a two-headed ogre
  7143 | D:10     | Killed a two-headed ogre
  7144 | D:10     | Reached skill level 1 in Armour
  7184 | D:10     | Noticed Maurice
  7190 | D:10     | Killed Maurice
  7238 | D:10     | Noticed a two-headed ogre
  7242 | D:10     | Killed a two-headed ogre
  7633 | D:11     | Noticed Snorg
  7644 | D:11     | Slain by Snorg

Illustrated notes

Levels and vault maps discovered:
D:1:      psy_arrival_terrarium, layout_basic, chequers_serial_rivers_small_b,
          hex_tiny
D:2:      layout_loops_ring, uniq_terence, uniq_jessica
D:3:      layout_basic, mainiacjoe_overflow_concentric_impassable,
          minmay_misc_feat_x, chequers_serial_rivers_micro_b
D:4:      layout_cave_pools, chequers_serial_rivers_small_3
D:5:      layout_layer_cave, mainiacjoe_overflow_surrounded_room,
          minmay_temple_entry_drinking_statues
D:6:      layout_rooms, mainiacjoe_overflow_divided_tiny, chequers_mini_garden
D:7:      gammafunk_steamed_eel, layout_basic, mainiacjoe_overflow_swirl,
          kennysheep_nub
D:8:      layout_gridville, enter_ossuary_5, st_stairs_11
D:9:      layout_basic
D:10:     wad_woods_minihive, layout_irregular_city,
          gammafunk_temple_overflow_statue, uniq_maurice, uniq_nergalle
D:11:     nicolae_hitomezashi [nicolae_hito_row, nicolae_hito_row,
          nicolae_hito_row, nicolae_hito_row, nicolae_hito_row,
          nicolae_hito_row, nicolae_hito_row, nicolae_hito_row,
          nicolae_hito_row, nicolae_hito_row, nicolae_hito_row,
          nicolae_hito_row, nicolae_hito_row, nicolae_hito_row,
          nicolae_hito_row, nicolae_hito_row, nicolae_hito_row,
          nicolae_hito_row], layout_basic, uniq_snorg
Temple:   nicolae_temple_two_arcs

Skill      XL: |  1  2  3  4  5  6  7  8  9 10 11 |
---------------+----------------------------------+-----
Fighting       | 2 3 4 5 6 7 |  7.2
Unarmed Combat | 3 4 5 7 10 12 13 | 13.4
Invocations    | 1 2 3 5 6 |  6.0
Evocations     | 2 3 |  3.0
Throwing       | 1 |  1.0
Armour         | 2 |  2.1
Dodging        | |  1.9
Spellcasting   | |  1.2
Translocations | |  2.1

Action                     |  1- 3 |  4- 6 |  7- 9 | 10-12 || total
---------------------------+-------+-------+-------+-------++-------
  Melee: Unarmed           |    79 |   167 |   172 |   179 ||   597
         Punch             |     1 |     2 |     5 |     7 ||    15
  Throw: Boomerang         |     2 |     4 |    18 |     3 ||    27
 Invoke: Ancestor Life: Ba |       |       |     1 |       ||     1
         Ancestor Identity |       |       |     1 |       ||     1
  Evoke: Wand              |     1 |     2 |     3 |     1 ||     7
    Use: Scroll            |     2 |     7 |     8 |     7 ||    24
   Stab: Sleeping          |       |     1 |       |       ||     1
         Invisible         |       |       |     1 |       ||     1
         Distracted        |       |       |       |     2 ||     2
 Armour: Robe              |    31 |    55 |    63 |    55 ||   204
         Acid dragon scale |       |       |       |    15 ||    15
  Dodge: Dodged            |    41 |    70 |    83 |   110 ||   304
  Block: Kite shield       |       |       |       |     3 ||     3

Table legend: (Time is in decaauts)
 A = Elapsed time spent in this place.
 B = Non-inter-level travel time spent in this place.
 C = Inter-level travel time spent in this place.
 D = Time resting spent in this place.
 E = Time spent auto-exploring this place.
 F = Levels seen in this place.
 G = Mean time per level.
                   A        B        C        D        E       F      G
               +--------+--------+--------+--------+--------+-----+--------+
         Total |   7558 |   6914 |    644 |    315 |   4756 |  13 |  581.4 |
       Dungeon |   7363 |   6728 |    635 |    315 |   4705 |  11 |  669.4 |
        Temple |     25 |     16 |      9 |      0 |      0 |   1 |   25.0 |
       Ossuary |    169 |    169 |      0 |      0 |     51 |   1 |  169.0 |
               +--------+--------+--------+--------+--------+-----+--------+

Top non-repeatable levels by time:
    D:10: 1073 daAuts
     D:5: 1053 daAuts
     D:8: 911 daAuts
     D:7: 828 daAuts
     D:2: 650 daAuts
     D:6: 647 daAuts
     D:1: 625 daAuts
     D:9: 558 daAuts
     D:3: 476 daAuts
     D:4: 430 daAuts
 Ossuary: 169 daAuts
    D:11: 109 daAuts
  Temple: 25 daAuts
